cohdb
Replays
Latest Replays
All Replays
Popular Replays
Top Player Replays
Match Explorer
How It Works
Community
CoH3 Stats
Reddit
Sign in to upload your games and track your stats! →
Sign in with Steam
Match 45202075
Unlisted
Match 45202075
Overview
Messages
Build Orders
End
Panzergrenadier Squad
Kradschützen Motorcycle Team
Panzergrenadier Squad
Construct Light Support Kompanie
Construct Mechanized Kompanie
Selects Armored Support Battlegroup
Selects Salvage Kits
Veteran Squad Leaders
8 Rad Armored Car
2.5-tonne Medical Truck
Selects Panzer Storm
Panzer Storm
Marder III Tank Destroyer
8 Rad Armored Car
Support Armor Elements
Selects Veteran Gunners
Panzerpioneer Squad
Emergency Repair Kits
Tungsten Core Ammunition
18-tonne Recovery Half-track
Construct Panzerarmee Kommand
Assault Mechanized Group
Walking Stuka Rocket Launcher
Selects Stuka Anti-tank Loiter
MG34 Team
Armored Reserves
Stuka Anti-tank Loiter
Tiger Heavy Tank
Panzerpioneer Squad
Rapid Advance
Flak 36 Anti-tank Gun Team
Panzer Storm
Stuka Anti-tank Loiter
AlezZZz
hnolbtg
Badam
Peetybird5000
嫂子开门我是我哥
A-Kai
MegaMan
jungbiny2
0
0
Comments
sign in to comment!
No comments posted yet!